 Dungeon Crawl Stone Soup version 0.24.0-13-gcf9b3192b9 (webtiles) character file.

Game seed: 3734835588296862160, levelgen mode: deterministic

19 Aviak the Insei (level 2, 0/16 HPs)
             Began as a Tengu Transmuter on Nov 10, 2019.
             Slain by a hobgoblin
             ... wielding a +0 club
              (1 damage)
             ... on level 1 of the Dungeon.
             The game lasted 00:00:58 (339 turns).

Aviak the Insei (Tengu Transmuter)                   Turns: 339, Time: 00:00:58

Health: 0/16       AC:  2    Str: 10    XL:     2   Next: 75%
Magic:  5/6        EV: 13    Int: 13    God:
Gold:   19         SH:  0    Dex: 14    Spells: 4/5 levels left

rFire    + . .     SeeInvis .   e - +0 dagger (elec)
rCold    + . .     Gourm    .   (no shield)
rNeg     . . .     Faith    .   b - +0 robe
rPois    +         Spirit   .   (helmet restricted)
rElec    +         Reflect  .   (no cloak)
rCorr    +         Harm     .   (no gloves)
MR       .....                  (boots unavailable)
Stlth    +.........             (no amulet)
HPRegen  0.05/turn              (no ring)
MPRegen  0.10/turn              (no ring)

@: appendage, resistant
A: beak, horns 2, talons 3
a: End Transformation


You were on level 1 of the Dungeon.
You were not hungry.
You had grown temporary horns.
You visited 1 branch of the dungeon, and saw 1 of its levels.

You collected 19 gold pieces.

Inventory:

Hand Weapons
 e - a +0 dagger of electrocution (weapon)
Missiles
 a - 45 arrows
Armour
 b - a +0 robe (worn)
Comestibles
 d - a ration


   Skills:
 + Level 1.6 Fighting
 + Level 1.0 Short Blades
 + Level 2.7 Dodging
 - Level 3.4 Unarmed Combat
 - Level 2.0 Spellcasting
 - Level 1.5 Transmutations


You had 4 spell levels left.
You knew the following spells:

 Your Spells              Type           Power        Failure   Level  Hunger
a - Beastly Appendage     Tmut           #.....       14%         1    ##.....

Your spell library contained the following spells:

 Spells                   Type           Power        Failure   Level  Hunger
 Sticks to Snakes         Tmut           #.......     21%         2    ###....
 Spider Form              Tmut/Pois      #.........   50%         3    ####...
 Ice Form                 Ice/Tmut       #.......     88%         4    #####..
 Blade Hands              Tmut           #.........   98%         5    ######.


Dungeon Overview and Level Annotations

Branches:
Dungeon (1/15)

Altars:


Innate Abilities, Weirdness & Mutations

You have a beak for a mouth.
You have claws for feet.
You have a pair of horns on your head.


Message History

The giant cockroach is moderately wounded.
The bat hits you but does no damage. The giant cockroach bites you.
There are monsters nearby!
You barely miss the giant cockroach. Your peck misses the giant cockroach.
The giant cockroach is moderately wounded.
The bat hits you but does no damage. The hobgoblin hits you with a +0 club.
* * * LOW HITPOINT WARNING * * *
The giant cockroach closely misses you. The bat hits you.
* * * LOW HITPOINT WARNING * * *
The bat misses you.
Things that are here:
a cursed -1 club; a hobgoblin corpse It was a potion of resistance.
You feel protected. The bat hits you but does no damage.
Casting: Beastly Appendage (safe; 14% risk of failure)
Confirm with . or Enter, or press ? or * to list all spells.
You grow a pair of large bovine horns.
The hobgoblin hits you with a +0 club.
You die...

#.. .# ....
#.. . .....
#..#. .....
#.... ......
#...##......
#...#.......
#%.b........
#.#g#..#..##
##.#@#..#
###....#..##.#
#....#.......#
#......#..####
####.#.#..)..
###.#.#.###
#.# .# #.# #
#.#


You could see a hobgoblin and a bat.

Vanquished Creatures
  A gnoll (D:1)
  A ball python (D:1)
  2 bats (D:1)
  2 hobgoblins (D:1)
  3 kobolds (D:1)
9 creatures vanquished.

Notes
Turn   | Place    | Note
-------+----------+-------------------------------------------
     0 | D:1      | Aviak the Tengu Transmuter began the quest for the Orb.
     0 | D:1      | Reached XP level 1. HP: 12/12 MP: 4/4
   286 | D:1      | Reached XP level 2. HP: 15/16 MP: 6/6
   307 | D:1      | Reached skill level 1 in Short Blades
   339 | D:1      | Slain by a hobgoblin

Levels and vault maps discovered:
D:1:      tarquinn_simple_flora_water_c, layout_loops_ring, minmay_tetromino_i4

Skill      XL: |  1  2 |
---------------+-------+-----
Short Blades   | 1 |  1.0
Fighting       | |  1.6
Dodging        | |  2.7
Unarmed Combat | |  3.4
Spellcasting   | |  2.0
Transmutations | |  1.5

Action                   || total
-------------------------++-------
Melee: Unarmed           ||     8
       Dagger            ||    20
       Kick              ||     5
       Headbutt          ||     1
       Peck              ||     2
 Cast: Beastly Appendage ||     3
  Use: Potion            ||     1
Armor: Robe              ||     9
Dodge: Dodged            ||    20
